 Dungeon Crawl Stone Soup version 0.28-a0-514-g0d7ab7f379 (webtiles) character file.

Game seed: 4225370525471791552

102 varam the Conjurer (level 4, 0/21 HPs)
             Began as a Spriggan Conjurer on Sept 22, 2021.
             Succumbed to a water moccasin's poison
             ... on level 4 of the Dungeon.
             The game lasted 00:06:45 (3104 turns).

varam the Conjurer (Spriggan Conjurer)              Turns: 3104, Time: 00:06:46

Health: 0/21       AC:  2    Str:  3    XL:     4   Next: 49%
Magic:  11/11      EV: 17    Int: 20    God:
Gold:   87         SH:  0    Dex: 13    Spells: 7/11 levels left

rFire   . . .      SeeInvis +   b - +0 short sword
rCold   . . .      Faith    .   (shield restricted)
rNeg    . . .      Spirit   .   a - +0 robe
rPois   .          Reflect  .   (helmet restricted)
rElec   .          Harm     .   (no cloak)
rCorr   .          Rampage  .   (gloves unavailable)
Will    .....                   (boots unavailable)
Stlth   ++........              (no amulet)
HPRegen 0.07/turn               (no ring)
MPRegen 0.12/turn               (no ring)

@: lethally poisoned (0 -> -2), hasted, very quick
A: very small, no large weapons, unfitting armour, see invisible, speed 3
a: no special abilities


You were on level 4 of the Dungeon.
You visited 1 branch of the dungeon, and saw 4 of its levels.

You collected 87 gold pieces.

Inventory:

Hand Weapons
 b - a +0 short sword (weapon)
   (You took it off a kobold on level 2 of the Dungeon)
Missiles
 c - 15 stones
 e - 5 boomerangs
Armour
 a - a +0 robe (worn)
Scrolls
 d - a scroll of magic mapping {unknown}
 g - a scroll of vulnerability {unknown}
 i - 4 scrolls of identify {unknown}
 j - a scroll of immolation {unknown}
 k - a scroll of acquirement {unknown}
 n - a scroll of noise {unknown}
Potions
 h - a potion of cancellation {unknown}
 l - a potion of flight {unknown}


   Skills:
 - Level 2.6 Dodging
 - Level 3.0 Stealth
 - Level 4.0 Spellcasting
 * Level 4.1 Conjurations


You had 7 spell levels left.
You knew the following spells:

 Your Spells              Type           Power      Damage    Failure   Level
a - Magic Dart            Conj           80%        1d7       2%          1
b - Dazzling Flash        Conj/Hex       24%        N/A       17%         3

Your spell library contained the following spells:

 Spells                   Type           Power      Damage    Failure   Level
 Searing Ray              Conj           40%        2d5       3%          2
 Fulminant Prism          Conj/Hex       6%         3d7       50%         4
 Iskenderun's Mystic Bla  Conj/Tloc      12%        2d5       50%         4


Dungeon Overview and Level Annotations

Branches:
Dungeon (4/15)
 Temple: D:4-7

Altars:


Innate Abilities, Weirdness & Mutations

You are very small and have problems with some larger weapons.
You are too small for most types of armour.
You have supernaturally acute eyesight. (SInv)
You cover ground extremely quickly. (Speed+++)


Message History

The water moccasin is lightly wounded.
The water moccasin closely misses you. The water moccasin bites you!
You are poisoned.
The water moccasin poisons you!
Casting: Magic Dart (safe; 2% risk of failure)
Confirm with . or Enter, or press ? or * to list all spells.
Aiming: Magic Dart (safe; 2% risk of failure)
Press: ? - help, Shift-Dir - straight line, f - water moccasin
Aim: a water moccasin (lightly wounded, 100% to hit)
The magic dart hits the water moccasin.
The water moccasin is lightly wounded.
You feel very sick. The water moccasin bites you.
It was a potion of curing.
You feel better. The water moccasin bites you.
You are lethally poisoned!
The water moccasin poisons you!
The water moccasin completely misses you.
You feel very sick.
You feel sick.
You feel sick.
You feel sick.
You feel sick.
* * * LOW HITPOINT WARNING * * *
You feel sick.
* * * LOW HITPOINT WARNING * * *
You feel sick.
There is a stone staircase leading up here.
* * * LOW HITPOINT WARNING * * *
You feel sick.
An orc comes into view. It is wielding a +0 hand axe.
* * * LOW HITPOINT WARNING * * *
You feel sick.
* * * LOW HITPOINT WARNING * * *
You feel sick.
It was a potion of haste.
You feel yourself speed up.
* * * LOW HITPOINT WARNING * * *
You feel sick.
The orc shouts!
Found a stone staircase leading down.
You die...

##########
##........##
##........>.###
#.............#
...............
...............
...............
.......@.........
##o..............
##...........(.
###..S.......
##...##..##
##...#..#
##.....# ..
##.<..# ...
##...##+##...


You could see a water moccasin and an orc.

Vanquished Creatures
  4 adders
  3 dart slugs
  3 endoplasms
  2 giant cockroaches
  6 goblins
  6 hobgoblins
  7 jackals
  2 quokkas
  3 ball pythons (D:1)
  5 bats
  3 frilled lizards
  7 kobolds
  6 rats
57 creatures vanquished.

Notes
Turn   | Place    | Note
-------+----------+-------------------------------------------
     0 | D:1      | varam the Spriggan Conjurer began the quest for the Orb.
     0 | D:1      | Reached XP level 1. HP: 9/9 MP: 5/5
   184 | D:2      | Found a faded altar of an unknown god.
   631 | D:2      | Reached XP level 2. HP: 13/13 MP: 2/7
  1119 | D:1      | Reached XP level 3. HP: 16/16 MP: 4/8
  1149 | D:1      | Learned a level 3 spell: Dazzling Flash
  2442 | D:3      | Reached XP level 4. HP: 21/21 MP: 8/10
  2538 | D:4      | Noticed a water moccasin
  3101 | D:4      | HP: 1/21 [poisoned by a water moccasin]
  3104 | D:4      | Succumbed to a water moccasin's poison

Illustrated notes

Levels and vault maps discovered:
D:1:      shiori_arrival_oz, layout_basic
D:2:      layout_basic, ebering_ecumenical_altar_rust
D:3:      layout_rooms, minmay_between
D:4:      layout_cave_pods, serial_column_ruins, column_ruins_hut_ruined,
          column_ruins_hut, column_ruins_grid_2, column_ruins_open_small_water,
          column_ruins_grid_3, column_ruins_open_tiny, column_ruins_open_medium

Skill      XL: |  1  2  3  4 |
---------------+-------------+-----
Conjurations   | 3 4 |  4.1
Spellcasting   | 3 4 |  4.0
Dodging        | |  2.6
Stealth        | |  3.0

Action                   |  1- 3 |  4- 6 || total
-------------------------+-------+-------++-------
Melee: Short sword       |     8 |     1 ||     9
 Cast: Magic Dart        |   106 |    37 ||   143
  Use: Potion            |       |     2 ||     2
 Stab: Sleeping          |       |     1 ||     1
Armor: Robe              |     2 |       ||     2
Dodge: Dodged            |    31 |     4 ||    35

Table legend: (Time is in decaauts)
 A = Elapsed time spent in this place.
 B = Non-inter-level travel time spent in this place.
 C = Inter-level travel time spent in this place.
 D = Time resting spent in this place.
 E = Time spent auto-exploring this place.
 F = Levels seen in this place.
 G = Mean time per level.
                   A        B        C        D        E       F      G
               +--------+--------+--------+--------+--------+-----+--------+
         Total |   2504 |   2481 |     23 |    672 |   1313 |   4 |  626.0 |
       Dungeon |   2504 |   2481 |     23 |    672 |   1313 |   4 |  626.0 |
               +--------+--------+--------+--------+--------+-----+--------+

Top non-repeatable levels by time:
     D:1: 968 daAuts
     D:3: 915 daAuts
     D:2: 604 daAuts
     D:4: 16 daAuts
